 Dungeon Crawl Stone Soup version 0.24-a0-232-g49d9ff8 (webtiles) character file.

Game seed: 8880640654163809540

8580 Lianjan the Thaumaturge (level 11, -5/85 HPs)
             Began as a Gnoll Warper on Apr 3, 2019.
             Was an Initiate of Gozag.
             Slain by a lorocyproca (22 damage)
             ... on level 2 of the Abyss.
             The game lasted 00:39:51 (13015 turns).

Lianjan the Thaumaturge (Gnoll Warper)             Turns: 13015, Time: 00:39:52

Health: -5/85      AC: 11    Str: 14    XL:     11   Next: 33%
Magic:  4/23       EV: 13    Int: 18    God:    Gozag
Gold:   2756       SH:  0    Dex: 15    Spells: 7/26 levels left

rFire    . . .     SeeInvis .   H - +0 falchion (holy)
rCold    . . .     Gourm    .   (no shield)
rNeg     . . .     Faith    .   w - +0 scale mail {MR+}
rPois    .         Spirit   .   S - +1 hat {MR+}
rElec    .         Reflect  .   (no cloak)
rCorr    .         Harm     .   G - +1 pair of gloves
MR       ++...                  (no boots)
Stlth    ++........             (no amulet)
HPRegen  0.24/turn              L - +6 ring of slaying
MPRegen  0.18/turn              P - +3 ring of slaying

@: gold aura, very slightly contaminated
A: distributed training, fangs 1, strong nose
a: Potion Petition, Call Merchant, Bribe Branch, Renounce Religion


You were on level 2 of the Abyss.
You worshipped Gozag.
Gozag was most pleased with you.
You were hungry.

You visited 2 branches of the dungeon, and saw 11 of its levels.
You visited the Abyss 1 time.
You also visited: Ossuary.

You collected 2790 gold pieces.
You paid 34 gold pieces to Gozag.

Inventory:

Hand Weapons
 a - a +5 dagger of venom
 b - a +0 hunting sling
 E - a +0 hand crossbow
 H - a +0 falchion of holy wrath (weapon)
 K - a +1 whip of flaming
 N - a +0 morningstar of pain
 U - a +0 scimitar
Missiles
 e - 2 tomahawks of dispersal
 h - 428 stones
 j - 139 arrows
 l - 12 tomahawks
 n - a throwing net (quivered)
 s - 85 sling bullets
 t - 22 poisoned needles
 v - 2 needles of frenzy
 I - 56 bolts
Armour
 w - a +0 scale mail of magic resistance (worn)
 x - a cursed +0 robe
 G - a +1 pair of gloves (worn)
 J - a +2 robe of resistance
 S - a +1 hat of magic resistance (worn)
Jewellery
 p - an uncursed ring of protection from fire
 r - an uncursed ring of magical power
 y - an uncursed ring of protection from magic
 L - a +6 ring of slaying (left hand)
 P - a +3 ring of slaying (right hand)
 W - an uncursed ring of see invisible
Wands
 F - a wand of flame (26)
Scrolls
 d - 3 scrolls of blinking
 k - 5 scrolls of identify
 B - 5 scrolls of remove curse
 C - 3 scrolls of amnesia
 D - a scroll of vulnerability
 M - 2 scrolls of immolation {unknown}
 O - a scroll of enchant armour {unknown}
 T - a scroll of fog
 V - a scroll of enchant weapon
Potions
 g - 2 potions of cancellation
 i - 2 potions of flight {unknown}
 m - a potion of invisibility
 o - 4 potions of curing
 q - a potion of heal wounds {unknown}
 u - 4 potions of agility {unknown}
 z - 4 potions of lignification {unknown}
 A - 2 potions of degeneration {unknown}
 Q - a potion of brilliance {unknown}
 R - a potion of ambrosia {unknown}
Comestibles
 f - 13 rations


   Skills:
 + Level 7.7 Fighting
 + Level 6.1 Short Blades
 + Level 7.7 Long Blades
 + Level 6.1 Axes
 + Level 6.1 Maces & Flails
 + Level 6.1 Polearms
 + Level 6.1 Staves
 + Level 6.1 Slings
 + Level 6.1 Bows
 + Level 6.1 Crossbows
 + Level 6.6 Throwing
 + Level 6.6 Armour
 + Level 7.7 Dodging
 + Level 6.1 Stealth
 + Level 6.1 Shields
 + Level 6.1 Unarmed Combat
 + Level 8.0 Spellcasting
 + Level 5.0 Conjurations
 + Level 5.0 Hexes
 + Level 5.0 Charms
 + Level 5.0 Summonings
 + Level 5.0 Necromancy
 + Level 7.5 Translocations
 + Level 5.0 Transmutations
 + Level 5.0 Fire Magic
 + Level 5.0 Ice Magic
 + Level 5.0 Air Magic
 + Level 5.0 Earth Magic
 + Level 5.0 Poison Magic
 + Level 6.7 Invocations
 + Level 6.1 Evocations


You had 7 spell levels left.
You knew the following spells:

 Your Spells              Type           Power        Failure   Level  Hunger
a - Blink                 Tloc           N/A          2%          2    None
b - Shroud of Golubria    Chrm/Tloc      ####......   4%          2    None
c - Teleport Other        Tloc           ####....     4%          3    #......
d - Gell's Gravitas       Tloc           ####......   4%          3    #......
e - Lesser Beckoning      Tloc           ####......   4%          3    #......
f - Regeneration          Chrm/Necr      ####......   14%         3    #......
g - Vampiric Draining     Necr           ####......   14%         3    #......

Your spell library contained the following spells:

 Spells                   Type           Power        Failure   Level  Hunger
 Animate Skeleton         Necr           N/A          4%          1    None
 Pain                     Necr           ####         4%          1    None
 Passage of Golubria      Tloc           N/A          16%         4    ###....
 Animate Dead             Necr           N/A          41%         4    ###....


Dungeon Overview and Level Annotations

Branches:
Dungeon (10/15)            Temple (1/1) D:7            Lair (0/6) D:8
    Orc: D:9-12

Altars:
Cheibriados
Elyvilon
Gozag
Hepliaklqana
Okawaru
Ru
Sif Muna
Trog
Wu Jian
Zin
The Shining One
Beogh

Shops:
D:3 *

Annotations:
D:7 2 transporters
D:10 Sonja


Innate Abilities, Weirdness & Mutations

Your experience applies equally to all skills.
You have very sharp teeth.
Your uncanny sense of smell can sniff out nearby items.


Message History

You kill the white imp!
You now have 2756 gold pieces (gained 8).
You miss the crimson imp.
The crimson imp is no longer distracted by gold.
The crimson imp closely misses you.
You riposte.
You hit the crimson imp.
The crimson imp convulses.
Your punch misses the crimson imp.
The crimson imp is almost dead.
The crimson imp hits you but does no damage.
You slash the crimson imp!
You kill the crimson imp!
The crimson imp hits you but does no damage.
Something hits you.
* * * LOW HITPOINT WARNING * * *
You feel your power leaking away.
Deactivating autopickup; reactivate with Ctrl-A.
You feel better. The crimson imp hits you.
* * * LOW HITPOINT WARNING * * *
Something hits you!!
You die...
Your body crumbles into a pile of gold.

##### #.# #
#..#.##.#........ #.
..#.#..#.[.... . .##
###.#..#.#........ .§
......#.#.##......#...
§..
.....≈≈≈≈≈≈≈≈≈...... .
..≈≈≈.....≈≈≈}....
..###..≈≈...$$..≈≈.....
.......≈≈≈..$@{≈≈≈.....
..
.##.#..≈≈≈≈≈5≈≈≈......
.
......(.._..∩.....#####
.#### ..≈≈≈≈≈≈≈≈≈.#
∆#.≈≈≈.....≈≈≈#
#.≈≈.......≈≈#
#.≈≈≈.....≈≈≈..
##.≈≈≈≈≈≈≈≈≈.##
##.##.##.


You could see a crimson imp.

Vanquished Creatures
  Gastronok (D:9)
  A two-headed ogre (D:9)
  Pikel (D:6)
  A deep elf mage (D:8)
  2 hippogriffs
  A spriggan (D:8)
  8 yaks
  A basilisk (D:8)
  A hungry ghost (D:9)
  Menkaure (D:7)
  3 porcupines (D:8)
  2 necrophages
  2 sky beasts
  2 orc warriors
  4 ogres
  2 centaurs
  2 crocodiles (D:8)
  A big kobold (D:10)
  2 bullfrogs
  A wyvern skeleton (D:7)
  2 scorpions (D:4)
  3 killer bees (D:8)
  2 howler monkeys
  2 crimson imps (Abyss:2)
  A centaur zombie (D:8)
  2 jellies
  4 hounds
  A bullfrog skeleton (D:4)
  7 orc wizards
  2 centaur skeletons
  3 human zombies (Ossuary)
  5 iguanas
  3 worker ants
  A killer bee zombie (D:7)
  2 big kobold zombies (Ossuary)
  2 hound zombies (Ossuary)
  A hound skeleton (D:5)
  5 mummies
  A worker ant zombie (D:8)
  14 adders
  7 gnolls
  2 shadow imps
  5 white imps (Abyss:2)
  An adder zombie (Ossuary)
  An adder skeleton (D:7)
  7 worms
  A dart slug (D:3)
  7 leopard geckos
  39 orcs
  6 bats
  9 giant cockroaches
  9 goblins
  8 hobgoblins
  13 jackals
  4 quokkas
  A ball python (D:1)
  4 frilled lizards
  2 goblin zombies
  A jackal skeleton (D:4)
  12 kobolds
  2 kobold zombies
  A leopard gecko skeleton (D:6)
  2 orc zombies (Ossuary)
  A quokka skeleton (D:5)
  15 rats
262 creatures vanquished.

Vanquished Creatures (others)
  3 slaves (D:7)
  An orc wizard (D:8)
  4 orcs (D:7)
  4 bushes (D:8)
  4 fungi (D:8)
  11 plants (D:8)
27 creatures vanquished.

Grand Total: 289 creatures vanquished

Notes
Turn   | Place    | Note
-------+----------+-------------------------------------------
     0 | D:1      | Lianjan the Gnoll Warper began the quest for the Orb.
     0 | D:1      | Reached XP level 1. HP: 20/20 MP: 6/6
   105 | D:1      | Reached XP level 2. HP: 17/26 MP: 7/7
   609 | D:1      | Learned a level 2 spell: Blink
   632 | D:1      | Learned a level 2 spell: Shroud of Golubria
  1041 | D:1      | Reached XP level 3. HP: 29/31 MP: 9/9
  1053 | D:1      | Learned a level 3 spell: Teleport Other
  1057 | D:1      | Learned a level 3 spell: Gell's Gravitas
  1137 | D:1      | Reached skill level 5 in Spellcasting
  1551 | D:2      | Reached skill level 1 in Invocations
  1708 | D:2      | Reached skill level 1 in Short Blades
  1708 | D:2      | Reached skill level 1 in Axes
  1708 | D:2      | Reached skill level 1 in Maces & Flails
  1708 | D:2      | Reached skill level 1 in Polearms
  1708 | D:2      | Reached skill level 1 in Staves
  1708 | D:2      | Reached skill level 1 in Slings
  1708 | D:2      | Reached skill level 1 in Bows
  1708 | D:2      | Reached skill level 1 in Crossbows
  1708 | D:2      | Reached skill level 1 in Stealth
  1708 | D:2      | Reached skill level 1 in Shields
  1708 | D:2      | Reached skill level 1 in Unarmed Combat
  1708 | D:2      | Reached skill level 1 in Evocations
  1711 | D:2      | Reached XP level 4. HP: 27/38 MP: 11/11
  1891 | D:2      | Reached skill level 1 in Conjurations
  1891 | D:2      | Reached skill level 1 in Hexes
  1891 | D:2      | Reached skill level 1 in Charms
  1891 | D:2      | Reached skill level 1 in Summonings
  1891 | D:2      | Reached skill level 1 in Necromancy
  1891 | D:2      | Reached skill level 1 in Transmutations
  1891 | D:2      | Reached skill level 1 in Fire Magic
  1891 | D:2      | Reached skill level 1 in Ice Magic
  1891 | D:2      | Reached skill level 1 in Air Magic
  1891 | D:2      | Reached skill level 1 in Earth Magic
  1891 | D:2      | Reached skill level 1 in Poison Magic
  1932 | D:2      | Noticed a necrophage
  1958 | D:2      | Killed a necrophage
  1958 | D:2      | Reached XP level 5. HP: 14/43 MP: 11/12
  2381 | D:2      | Noticed a moth of wrath
  2489 | D:2      | Found a bloodstained altar of Trog.
  2669 | D:3      | Reached XP level 6. HP: 50/50 MP: 13/13
  3024 | D:3      | Found an opulent altar of Gozag.
  3032 | D:3      | Found Gozag's Platinum Reserve.
  3051 | D:3      | Became a worshipper of Gozag Ym Sagoz the Greedy
  3056 | D:3      | Found a glowing silver altar of Zin.
  3220 | D:3      | Reached skill level 5 in Fighting
  3220 | D:3      | Reached skill level 5 in Long Blades
  3220 | D:3      | Reached skill level 5 in Dodging
  3459 | D:3      | Found an ornate altar of the Wu Jian Council.
  3746 | D:4      | Reached XP level 7. HP: 32/56 MP: 15/15
  4232 | D:4      | Learned a level 3 spell: Lesser Beckoning
  4380 | D:5      | Entered Level 5 of the Dungeon
  4581 | D:5      | Found a sand-covered staircase.
  4602 | Ossuary  | Entered an ossuary
  4694 | Ossuary  | Reached XP level 8. HP: 57/63 MP: 1/16
  6185 | D:5      | Learned a level 1 spell: Animate Skeleton
  6583 | D:6      | Reached skill level 6 in Spellcasting
  7227 | D:7      | Found a staircase to the Ecumenical Temple.
  7271 | D:7      | Noticed Pikel
  7314 | D:6      | Killed Pikel
  7314 | D:6      | Reached XP level 9. HP: 63/69 MP: 10/18
  7329 | D:7      | Noticed Menkaure
  7344 | D:7      | Killed Menkaure
  7551 | D:7      | Found a roughly hewn altar of Beogh.
  7551 | D:7      | Found a transporter.
  7711 | D:7      | Found a transporter.
  8433 | Temple   | Entered the Ecumenical Temple
  8660 | D:8      | Found a staircase to the Lair.
  8684 | D:8      | Reached skill level 5 in Throwing
  8684 | D:8      | Reached skill level 5 in Armour
  9022 | D:8      | Reached skill level 5 in Invocations
  9432 | D:8      | Reached skill level 7 in Spellcasting
  9432 | D:8      | Reached XP level 10. HP: 35/77 MP: 18/20
  9786 | D:8      | Noticed a deep elf mage
  9787 | D:8      | Found an iron altar of Okawaru.
 10267 | D:8      | Reached skill level 5 in Short Blades
 10267 | D:8      | Reached skill level 5 in Axes
 10267 | D:8      | Reached skill level 5 in Maces & Flails
 10267 | D:8      | Reached skill level 5 in Polearms
 10267 | D:8      | Reached skill level 5 in Staves
 10267 | D:8      | Reached skill level 5 in Slings
 10267 | D:8      | Reached skill level 5 in Bows
 10267 | D:8      | Reached skill level 5 in Crossbows
 10267 | D:8      | Reached skill level 5 in Stealth
 10267 | D:8      | Reached skill level 5 in Shields
 10267 | D:8      | Reached skill level 5 in Unarmed Combat
 10267 | D:8      | Reached skill level 5 in Evocations
 10552 | D:8      | Killed a deep elf mage
 11311 | D:9      | Learned a level 3 spell: Regeneration
 11315 | D:9      | Learned a level 3 spell: Vampiric Draining
 11433 | D:9      | Noticed Gastronok
 11494 | D:9      | Found a sacrificial altar of Ru.
 11496 | D:9      | Found a hazy altar of Hepliaklqana.
 11513 | D:9      | Killed Gastronok
 11513 | D:9      | Reached XP level 11. HP: 46/84 MP: 12/22
 11812 | D:9      | Found a glowing golden altar of the Shining One.
 11814 | D:9      | Found a white marble altar of Elyvilon.
 11890 | D:9      | Found a snail-covered altar of Cheibriados.
 11926 | D:9      | Noticed a two-headed ogre
 11952 | D:9      | Killed a two-headed ogre
 11952 | D:9      | Reached skill level 5 in Conjurations
 11952 | D:9      | Reached skill level 5 in Hexes
 11952 | D:9      | Reached skill level 5 in Charms
 11952 | D:9      | Reached skill level 5 in Summonings
 11952 | D:9      | Reached skill level 5 in Necromancy
 11952 | D:9      | Reached skill level 5 in Transmutations
 11952 | D:9      | Reached skill level 5 in Fire Magic
 11952 | D:9      | Reached skill level 5 in Ice Magic
 11952 | D:9      | Reached skill level 5 in Air Magic
 11952 | D:9      | Reached skill level 5 in Earth Magic
 11952 | D:9      | Reached skill level 5 in Poison Magic
 12248 | D:10     | Entered Level 10 of the Dungeon
 12630 | D:10     | Identified a scroll of acquirement
 12668 | D:10     | Noticed Sonja
 12925 | D:10     | Cast into level 2 of the Abyss (Sonja)
 12925 | Abyss:2  | Found a corrupted altar of Lugonu.
 12962 | Abyss:2  | Noticed a bone dragon
 12985 | Abyss:2  | Found a corrupted altar of Lugonu.
 12991 | Abyss:2  | Reached skill level 8 in Spellcasting
 13015 | Abyss:2  | Slain by a lorocyproca

Levels and vault maps discovered:
D:1:      dpeg_arrival_arbitrary_a, layout_basic
D:2:      minmay_alternating_diamond, layout_rooms, tgw_trog
D:3:      layout_rooms, lemuel_round_altar, overflow_temple_1_default,
          nicolae_gozag_zags_fifth_avenue
D:4:      layout_basic
D:5:      layout_basic, first_ration, nicolae_ossuary_entry_giza
D:6:      layout_basic
D:7:      gammafunk_beogh_shrine, layout_loops_ring, temple_fountains,
          uniq_pikel, uniq_menkaure
D:8:      layout_loops_ring, minmay_lair_entry_grove, the_bakery,
          david_defended_altar_elf
D:9:      layout_rooms, nicolae_overflow_hidden_temple, basic_altar,
          minmay_tree_intersection, uniq_gastronok
D:10:     layout_roguey, david_orc_2, uniq_sonja, uniq_grum
Temple:   eino_wide_crystal_templ
Abyss:2
Ossuary:  ossuary_minmay_tomb_2a

Skill      XL: |  1  2  3  4  5  6  7  8  9 10 11 |
---------------+----------------------------------+-----
Spellcasting   | 5 6 7 8 |  8.0
Invocations    | 1 2 3 4 5 6 |  6.7
Short Blades   | 1 2 3 4 5 6 |  6.1
Axes           | 1 2 3 4 5 6 |  6.1
Maces & Flails | 1 2 3 4 5 6 |  6.1
Polearms       | 1 2 3 4 5 6 |  6.1
Staves         | 1 2 3 4 5 6 |  6.1
Slings         | 1 2 3 4 5 6 |  6.1
Bows           | 1 2 3 4 5 6 |  6.1
Crossbows      | 1 2 3 4 5 6 |  6.1
Stealth        | 1 2 3 4 5 6 |  6.1
Shields        | 1 2 3 4 5 6 |  6.1
Unarmed Combat | 1 2 3 4 5 6 |  6.1
Evocations     | 1 2 3 4 5 6 |  6.1
Conjurations   | 1 2 3 4 5 |  5.0
Hexes          | 1 2 3 4 5 |  5.0
Charms         | 1 2 3 4 5 |  5.0
Summonings     | 1 2 3 4 5 |  5.0
Necromancy     | 1 2 3 4 5 |  5.0
Transmutations | 1 2 3 4 5 |  5.0
Fire Magic     | 1 2 3 4 5 |  5.0
Ice Magic      | 1 2 3 4 5 |  5.0
Air Magic      | 1 2 3 4 5 |  5.0
Earth Magic    | 1 2 3 4 5 |  5.0
Poison Magic   | 1 2 3 4 5 |  5.0
Throwing       | 3 4 5 6 |  6.6
Armour         | 3 4 5 6 |  6.6
Fighting       | 5 6 7 |  7.7
Long Blades    | 5 6 7 |  7.7
Dodging        | 5 6 7 |  7.7
Translocations | 6 7 |  7.5

Action                   |  1- 3 |  4- 6 |  7- 9 | 10-12 || total
-------------------------+-------+-------+-------+-------++-------
Melee: Dagger            |    98 |   203 |   377 |   242 ||   920
       Falchion          |     1 |       |    68 |    44 ||   113
       Bite              |     6 |    20 |    61 |    34 ||   121
       Punch             |       |       |     8 |    12 ||    20
       Whip              |       |       |     8 |     8 ||    16
 Fire: Hunting sling     |       |       |    24 |    16 ||    40
       Hand crossbow     |       |       |       |     3 ||     3
Throw: Stone             |     2 |       |       |       ||     2
       Tomahawk          |     1 |       |       |     2 ||     3
       Throwing net      |       |       |       |     1 ||     1
 Cast: Shroud of Golubri |       |     1 |    12 |     9 ||    22
       Blink             |       |     1 |     2 |     9 ||    12
       Gell's Gravitas   |       |     8 |    17 |     5 ||    30
       Regeneration      |       |       |       |    10 ||    10
       Teleport Other    |       |       |       |     2 ||     2
Evoke: Wand              |       |       |       |     2 ||     2
  Use: Scroll            |       |     2 |    10 |     3 ||    15
       Potion            |       |       |       |     4 ||     4
 Stab: Sleeping          |     2 |     1 |       |     3 ||     6
       Distracted        |       |       |     1 |     2 ||     3
  Eat: Chunk             |     2 |     5 |       |       ||     7
       Ration            |       |     1 |     6 |     4 ||    11
Armor: Leather armour    |    29 |    31 |       |       ||    60
       Scale mail        |       |    14 |   109 |    91 ||   214
Dodge: Dodged            |    91 |   123 |   234 |   183 ||   631
       Rpst.: Falchion   |       |       |    10 |    12 ||    22

Table legend:
 A = Non-vault XP
 B = Vault XP
 C = Vault XP percentage of total XP
 D = Non-vault monster count
 E = Vault monster count
 F = Vault count percentage of total count
                 A         B        C        D         E       F
            +---------+---------+-------+---------+---------+-------
      Total |    5900 |    6358 |  51.9 |     209 |      54 |  20.5
            +---------+---------+-------+---------+---------+-------
        D:1 |      44 |       0 |   0.0 |      28 |       0 |   0.0
        D:2 |     123 |     149 |  54.8 |      23 |      10 |  30.3
        D:3 |     245 |       0 |   0.0 |      42 |       0 |   0.0
        D:4 |     388 |       0 |   0.0 |      24 |       0 |   0.0
        D:5 |     135 |      20 |  12.9 |       9 |       3 |  25.0
        D:6 |     368 |     663 |  64.3 |      17 |       1 |   5.6
        D:7 |     396 |     375 |  48.6 |      15 |       2 |  11.8
        D:8 |    1143 |    2441 |  68.1 |      19 |      14 |  42.4
        D:9 |    2673 |    2255 |  45.8 |      19 |       1 |   5.0
       D:10 |     385 |       0 |   0.0 |      13 |       0 |   0.0
    Abyss:2 |       0 |     151 | 100.0 |       0 |       7 | 100.0
    Ossuary |       0 |     304 | 100.0 |       0 |      16 | 100.0
            +---------+---------+-------+---------+---------+-------
